 Dungeon Sprint DCSS version 0.20-a0-641-g673355a (webtiles) character file.

2178 Kidiri the Thaumaturge (level 9, -10/55 HPs)
             Began as a Deep Elf Fire Elementalist on Feb 13, 2017.
             Was a Priest of Vehumet.
             Shot with an arrow by a centaur warrior (21 damage)
             ... in the Dungeon (Sprint III: "The Ten Rune Challenge").
             The game lasted 00:14:14 (1387 turns).

Kidiri the Thaumaturge (Deep Elf Fire Elementalist) Turns: 1387, Time: 00:14:14

Health: -10/55     AC:  2    Str:  5    XL:     9   Next: 11%
Magic:  14/28      EV: 18    Int: 24    God:    Vehumet [***...]
Gold:   58         SH:  0    Dex: 15    Spells: 10/34 levels left

rFire    . . .     SeeInvis .   e - +1 dagger (flame)
rCold    . . .     Gourm    .   a - +0 robe
rNeg     . . .     Faith    .   (no shield)
rPois    .         Spirit   .   (no helmet)
rElec    .         Reflect  .   (no cloak)
rCorr    .         Harm     .   (no gloves)
MR       .....     Clarity  +   (no boots) Stlth ++........NoTele +
                                (no amulet)
Regen    0.2/turn               (no ring)
MPRegen  0.3/turn               (no ring)

@: no status effects
A: clarity, sturdy frame 1
a: Renounce Religion


You were in the Dungeon.
You worshipped Vehumet.
Vehumet was most pleased with you.
You were not hungry.

You visited 1 branch You collected 58 gold pieces.

Inventory:

Hand Weapons
 e - a +1 dagger of flaming (weapon)
Armour
 a - a +0 robe (worn)
Wands
 t - a wand of enslavement (11/24)
Scrolls
 i - a scroll of blinking
 l - a scroll of immolation
 n - a scroll of enchant weapon {unknown}
 o - a scroll of holy word {unknown}
Potions
 d - a potion of curing
 f - a potion of haste
 g - 2 potions of magic
 h - a potion of berserk rage
 j - 2 potions of lignification
 q - a potion of resistance
 r - a potion of flight
Comestibles
 c - 2 bread rations
 p - a meat ration


   Skills:
 + Level 5.8 Fighting
 + Level 5.6 Short Blades
 + Level 5.7 Armour
 + Level 8.8 Dodging
 - Level 2.4 Stealth
 * Level 13.1 Spellcasting
 + Level 7.8 Conjurations
 + Level 8.4 Fire Magic
 + Level 4.0 Air Magic
 + Level 4.4 Poison Magic
 + Level 3.4 Evocations


You had 10 spell levels left.
You knew the following spells:

 Your Spells              Type           Power        Failure   Level  Hunger
a - Flame Tongue          Conj/Fire      #####        1%          1    None
b - Throw Flame           Conj/Fire      ######       1%          2    None
c - Conjure Flame         Conj/Fire      ######..     1%          3    None
d - Inner Flame           Hex/Fire       #####...     1%          3    None
e - Sticky Flame          Conj/Fire      ######..     1%          4    None
f - Fireball              Conj/Fire      ######....   1%          5    ###....
g - Mephitic Cloud        Conj/Pois/Air  #####...     1%          3    None
h - Shock                 Conj/Air       ####         1%          1    None
i - Searing Ray           Conj           ######       1%          2    None


Dungeon Overview and Level Annotations

Branches:
Dungeon (1/1)

Altars:
Cheibriados
Dithmenos
Elyvilon
Fedhas
Gozag
Hepliaklqana
Kikubaaqudgha
Makhleb
Nemelex Xobeh
Okawaru
Qazlal
Ru
Sif Muna
Trog
Uskayaw
Vehumet
Xom
Yredelemnul
Zin
The Shining One
Beogh
Jiyva
Lugonu


Innate Abilities, Weirdness & Mutations

You possess an exceptional clarity of mind.
Your movements are slightly less encumbered by armour. (ER -2)


Message History

Unknown command.
Unknown command.
Casting: Mephitic Cloud
Confirm with . or Enter, or press ? or * to list all spells.
Aiming: Fireball
Press: ? - help, Shift-Dir - straight line, f/p - centaur
Aim: a centaur, wielding an enchanted shortbow (noxious fumes, almost dead, confused)
The fireball explodes!
The fireball engulfs the centaur warrior.
The centaur warrior is almost dead.
The fireball engulfs the centaur.
You kill the centaur!
Vehumet accepts your kill.
Vehumet offers you knowledge of Ignite Poison.
Your Air Magic skill increases to level 4!
You are engulfed in noxious fumes.
You choke on the stench!
You feel momentarily confused.
* * * LOW HITPOINT WARNING * * *
The centaur warrior shoots an arrow.
The arrow hits you!!
You die...

####### __[#__#
__.#[_# +###+##
......# ......#
#####'#
__#...#+#############
__#...#.§§≈≈'.#.@§..+
__#...#.#§§§#.#.#.§§#
__#...'.#§.§#.#.#c§§#
__+...#.#§§.#...#§§§#
▓▓▓▓▓▓▓▓▓▓▓▓▓▓▓▓▓▓▓▓#


You could see a centaur warrior.

Vanquished Creatures
  Erica (D)
  A deep elf mage (D)
  A shadow (D)
  A spatial vortex (D)
  A necrophage (D)
  2 centaurs (D)
  An earth elemental (D)
  A water elemental (D)
  A jelly (D)
  A wizard (D)
  Jessica (D)
  A necromancer (D)
  3 humans (D)
  A kobold demonologist (D)
  A wolf (D)
  2 oozes (D)
20 creatures vanquished.

Vanquished Creatures (others)
  2 draconian scorchers (D)
  6 hellions (D)
  2 yaktaurs (D)
10 creatures vanquished.

Grand Total: 30 creatures vanquished

Notes
Turn   | Place    | Note
-------+----------+-------------------------------------------
     0 | D        | Kidiri the Deep Elf Fire Elementalist began the quest for the Orb.
     0 | D        | Reached XP level 1. HP: 10/10 MP: 6/6
    66 | D        | Reached skill level 1 in Fighting
    66 | D        | Reached skill level 4 in Spellcasting
    66 | D        | Reached XP level 2. HP: 16/16 MP: 5/9
    70 | D        | Learned a level 2 spell: Throw Flame
    86 | D        | Killed a hellion
    97 | D        | Killed a hellion
   100 | D        | Killed a hellion
   100 | D        | Killed a hellion
   101 | D        | Noticed Jessica
   101 | D        | Killed Jessica
   101 | D        | Reached skill level 1 in Armour
   101 | D        | Reached skill level 5 in Spellcasting
   101 | D        | Reached XP level 3. HP: 20/20 MP: 7/11
   106 | D        | Learned a level 3 spell: Conjure Flame
   110 | D        | Learned a level 3 spell: Inner Flame
   138 | D        | Killed a yaktaur
   140 | D        | Killed a hellion
   150 | D        | HP: 1/20 [human (9)]
   154 | D        | Reached skill level 6 in Spellcasting
   154 | D        | Killed a hellion
   159 | D        | Killed a white draconian scorcher
   188 | D        | Killed a white draconian scorcher
   240 | D        | Reached XP level 4. HP: 26/26 MP: 9/14
   246 | D        | Learned a level 4 spell: Sticky Flame
   278 | D        | Gained mutation: Your magical capacity is low. (-10% MP) [potion of mutation]
   278 | D        | Gained mutation: You are clumsy. (Dex -2) [potion of mutation]
   278 | D        | Gained mutation: Your flesh is heat resistant. (rF+) [potion of mutation]
   279 | D        | Lost mutation: Your magical capacity is low. (-10% MP) [potion of mutation]
   279 | D        | Lost mutation: Your flesh is heat resistant. (rF+) [potion of mutation]
   279 | D        | Lost mutation: You are clumsy. (Dex -2) [potion of mutation]
   279 | D        | Gained mutation: Your movements are slightly less encumbered by armour. (ER -2) [potion of mutation]
   279 | D        | Gained mutation: You possess an exceptional clarity of mind. [potion of mutation]
   306 | D        | Noticed a water elemental
   309 | D        | Killed a water elemental
   309 | D        | Reached skill level 7 in Spellcasting
   309 | D        | Reached skill level 5 in Fire Magic
   449 | D        | Found a radiant altar of Vehumet.
   450 | D        | Found a deep blue altar of Sif Muna.
   450 | D        | Found an ancient bone altar of Kikubaaqudgha.
   450 | D        | Noticed a wizard
   452 | D        | Killed a wizard
   452 | D        | Reached skill level 5 in Dodging
   452 | D        | Reached XP level 5. HP: 32/32 MP: 12/17
   454 | D        | Noticed a sixfirhy
   455 | D        | Reached skill level 8 in Spellcasting
   471 | D        | Learned a level 5 spell: Fireball
   491 | D        | Became a worshipper of Vehumet
   579 | D        | Found a glowing silver altar of Zin.
   580 | D        | Found a glowing golden altar of the Shining One.
   580 | D        | Found a white marble altar of Elyvilon.
   580 | D        | Noticed a deep elf mage
   586 | D        | Killed a deep elf mage
   586 | D        | Reached skill level 11 in Spellcasting
   586 | D        | Reached XP level 6. HP: 33/39 MP: 11/22
   586 | D        | Reached XP level 7. HP: 38/44 MP: 11/23
   591 | D        | Learned a level 3 spell: Mephitic Cloud
   650 | D        | Found a hide-covered altar of Uskayaw.
   650 | D        | Found a roughly hewn altar of Beogh.
   650 | D        | Found an iron altar of Okawaru.
   650 | D        | Found a bloodstained altar of Trog.
   650 | D        | Noticed a human
   653 | D        | Noticed a human
   655 | D        | Killed a human
   655 | D        | Reached skill level 1 in Air Magic
   655 | D        | Reached skill level 1 in Poison Magic
   661 | D        | Killed a human
   661 | D        | Reached * piety under Vehumet
   661 | D        | Offered knowledge of Shock by Vehumet.
   664 | D        | Learned a level 1 spell: Shock
   822 | D        | Found a basalt altar of Yredelemnul.
   822 | D        | Found a shadowy altar of Dithmenos.
   822 | D        | Found a sacrificial altar of Ru.
   826 | D        | Reached skill level 5 in Fighting
   849 | D        | Killed a yaktaur
   889 | D        | Offered knowledge of Sting by Vehumet.
   889 | D        | Reached ** piety under Vehumet
   889 | D        | Reached skill level 5 in Armour
   889 | D        | Reached XP level 8. HP: 48/48 MP: 20/25
   896 | D        | Reached skill level 12 in Spellcasting
   896 | D        | Reached skill level 1 in Evocations
  1057 | D        | Found a blossoming altar of Fedhas.
  1057 | D        | Found a stormy altar of Qazlal.
  1058 | D        | Found a snail-covered altar of Cheibriados.
  1058 | D        | Found a burning altar of Makhleb.
  1058 | D        | Found a hazy altar of Hepliaklqana.
  1058 | D        | Found a shimmering altar of Xom.
  1058 | D        | Found an opulent altar of Gozag.
  1058 | D        | Found a sparkling altar of Nemelex Xobeh.
  1058 | D        | Found a corrupted altar of Lugonu.
  1058 | D        | Found a viscous altar of Jiyva.
  1155 | D        | Noticed Erica
  1159 | D        | HP: 2/48 [Erica/bolt of poison (24)]
  1177 | D        | Killed Erica
  1177 | D        | Offered knowledge of Searing Ray by Vehumet.
  1177 | D        | Reached skill level 5 in Short Blades
  1290 | D        | Learned a level 2 spell: Searing Ray
  1344 | D        | Reached *** piety under Vehumet
  1344 | D        | Reached XP level 9. HP: 55/55 MP: 20/27
  1383 | D        | Noticed a centaur warrior
  1385 | D        | Reached skill level 13 in Spellcasting
  1387 | D        | Offered knowledge of Ignite Poison by Vehumet.
  1387 | D        | Shot with an arrow by a centaur warrior

Vault maps used:
D:        dungeon_sprint_mu

Skill      XL: |  1  2  3  4  5  6  7  8  9 |
---------------+----------------------------+-----
Fighting       | 1 2 4 5 |  5.8
Dodging        | 3 4 5 7 8 |  8.8
Spellcasting   | 4 5 6 7 11 12 13 | 13.1
Conjurations   | 2 3 4 6 7 |  7.8
Armour         | 1 2 4 5 |  5.7
Fire Magic     | 4 5 7 8 |  8.4
Short Blades   | 3 4 5 |  5.6
Air Magic      | 2 3 4 |  4.0
Poison Magic   | 2 4 |  4.4
Evocations     | 3 |  3.4
Stealth        | |  2.4

Action                   |  1- 3 |  4- 6 |  7- 9 || total
-------------------------+-------+-------+-------++-------
Melee: Dagger            |       |     1 |     2 ||     3
 Cast: Flame Tongue      |    18 |     5 |    40 ||    63
       Throw Flame       |     3 |       |     1 ||     4
       Sticky Flame      |       |     3 |     5 ||     8
       Conjure Flame     |       |     1 |     2 ||     3
       Mephitic Cloud    |       |       |     4 ||     4
       Fireball          |       |       |     3 ||     3
       Searing Ray       |       |       |     4 ||     4
  Use: Potion            |     1 |     2 |     2 ||     5
       Scroll            |       |     5 |       ||     5
 Stab: Sleeping          |       |     1 |       ||     1
  Eat: Royal jelly       |       |       |     1 ||     1
       Chunk             |       |       |     1 ||     1
Armor: Robe              |     2 |     3 |       ||     5
Dodge: Dodged            |     4 |     7 |     6 ||    17
